 Dungeon Crawl Stone Soup version 0.20-a0-969-g5a5da1e (webtiles) character file.

95 HAWKINGL3623 the Skirmisher (level 4, 0/41 HPs)
             Began as a Hill Orc Abyssal Knight on Oct 2, 2017.
             Was a Believer of Lugonu.
             Succumbed to an adder's poison
             ... on level 3 of the Dungeon on Oct 3, 2017.
             The game lasted 00:12:14 (2129 turns).

HAWKINGL3623 the Skirmisher (HOAK)                  Turns: 2129, Time: 00:12:14

Health: 0/41       AC:  3    Str: 14    XL:     4   Next: 66%
Magic:  6/6        EV: 10    Int: 12    God:    Lugonu [**....]
Gold:   129        SH:  3    Dex: 11    Spells: 3/3 levels left

rFire    . . .     SeeInvis .   a - +1 spear
rCold    . . .     Gourm    .   i - +0 buckler
rNeg     . . .     Faith    .   b - +0 leather armour
rPois    .         Spirit   .   (no helmet)
rElec    .         Reflect  .   (no cloak)
rCorr    .         Harm     .   (no gloves)
MR       .....                  (no boots)
Stlth    +.........             d - amulet of magic regeneration
Regen    0.2/turn               (no ring)
MPRegen  0.2/turn               (no ring)

@: lethally poisoned (0 -> -3)
A: no striking features
a: Depart the Abyss, Bend Space, Renounce Religion


You were on level 3 of the Dungeon.
You worshipped Lugonu.
Lugonu was pleased with you.
You were not hungry.

You visited 1 branch of the dungeon, and saw 3 of its levels.
You visited the Abyss 1 time.

You collected 129 gold pieces.

Inventory:

Hand Weapons
 a - a +1 spear (weapon)
Missiles
 m - 45 stones (quivered)
 o - 27 bolts
 p - 8 sling bullets
Armour
 b - a +0 leather armour (worn)
 i - a +0 buckler (worn)
Jewellery
 d - an amulet of magic regeneration (around neck)
Wands
 k - a wand of lightning (13/15)
Scrolls
 e - 4 scrolls of teleportation
 g - a scroll of remove curse
 h - 2 scrolls of fear
 l - a scroll of identify
 q - a scroll of immolation
Comestibles
 c - 3 bread rations
 f - 2 meat rations
 j - a royal jelly
 n - 2 chunks of flesh


   Skills:
 + Level 4.5 Fighting
 + Level 3.2 Polearms
 + Level 3.1 Armour
 + Level 1.2 Dodging
 + Level 0.5 Stealth
 + Level 2.7 Invocations


You had 3 spell levels left.
You didn't know any spells.

Dungeon Overview and Level Annotations

Branches:
Dungeon (3/15)

Altars:
Dithmenos
Nemelex Xobeh


Message History

The leopard gecko hisses angrily.
There is an open door here.
* * * LOW HITPOINT WARNING * * *
You feel sick.
You hit the leopard gecko.
The leopard gecko is lightly wounded.
You block the leopard gecko's attack.
You hit the leopard gecko.
The leopard gecko is heavily wounded.
* * * LOW HITPOINT WARNING * * *
You feel sick. The leopard gecko barely misses you.
You barely miss the leopard gecko.
The leopard gecko is heavily wounded.
The leopard gecko bites you.
* * * LOW HITPOINT WARNING * * *
The leopard gecko bites you.
* * * LOW HITPOINT WARNING * * *
You closely miss the leopard gecko.
The leopard gecko is moderately wounded.
You die...

####### ....##
....... ......#
.......##......#
................
................
................
................
......l@........
...#####'#+#+##
#.# #.# #.# #.#
#<# #.# #.#


You could see a leopard gecko.

Vanquished Creatures
  6 adders (D:2)
  2 worms (D:2)
  A dart slug (D:2)
  5 giant cockroaches
  5 goblins
  3 hobgoblins
  3 kobolds
  A ball python (D:2)
  7 bats
  2 frilled lizards (D:2)
  A rat (D:1)
36 creatures vanquished.

Notes
Turn   | Place    | Note
-------+----------+-------------------------------------------
     0 | Abyss:1  | HAWKINGL3623 the Hill Orc Abyssal Knight began the quest for the Orb.
     0 | Abyss:1  | Reached XP level 1. HP: 19/19 MP: 2/2
    68 | Abyss:1  | Noticed a thrashing horror
    71 | D:1      | Escaped the Abyss
    71 | D:1      | a thrashing horror gained the power of zot (level 1).
   208 | D:1      | Found a sparkling altar of Nemelex Xobeh.
   335 | D:1      | Reached * piety under Lugonu
   341 | D:1      | Reached XP level 2. HP: 26/27 MP: 3/3
   407 | D:1      | Reached skill level 4 in Fighting
   973 | D:2      | Reached skill level 1 in Dodging
   973 | D:2      | Reached XP level 3. HP: 29/33 MP: 5/5
  1129 | D:2      | Found a shadowy altar of Dithmenos.
  1614 | D:2      | Reached XP level 4. HP: 16/41 MP: 6/6
  2003 | D:2      | Reached ** piety under Lugonu
  2128 | D:3      | HP: 2/41 [leopard gecko (1)]
  2129 | D:3      | Succumbed to an adder's poison

Vault maps used:
D:1:      dpeg_arrival_chambers_temple_mockup, nemelex_xobeh_ov_fountains_minmay
D:2:      grunt_dithmenos_smoke_and_mirrors
D:3:      zin_academy, first_bread, kennysheep_slug_shrine
Abyss:1:  minivault_23

Skill      XL: |  1  2  3  4 |
---------------+-------------+-----
Fighting       | 4 |  4.5
Dodging        | 1 |  1.2
Polearms       | 3 |  3.2
Armour         | 3 |  3.1
Stealth        | |  0.5
Invocations    | |  2.7

Action                   |  1- 3 |  4- 6 || total
-------------------------+-------+-------++-------
Melee: Spear             |   115 |    63 ||   178
Throw: Throwing net      |     2 |       ||     2
       Stone             |       |    14 ||    14
Invok: Depart the Abyss  |     1 |       ||     1
  Use: Scroll            |     8 |     1 ||     9
       Potion            |     3 |     1 ||     4
  Eat: Chunk             |     2 |     2 ||     4
Armor: Leather armour    |    23 |     4 ||    27
       Skin              |     5 |       ||     5
Dodge: Dodged            |    50 |    12 ||    62
Block: Buckler           |     5 |     7 ||    12
